 Dungeon Crawl Stone Soup version 0.29-a0-668-g12ee2bf84d (webtiles) character file.

Game seed: 7917100996648653855

6677 purpskrrrp the Carver (level 10, -3/68 HPs)
             Began as a Demonspawn Wanderer on June 23, 2022.
             Was an Initiate of Gozag.
             Slain by a wolf (7 damage)
             ... led by Grum
             ... on level 9 of the Dungeon.
             The game lasted 00:50:51 (12192 turns).

purpskrrrp the Carver (Demonspawn Wanderer)        Turns: 12192, Time: 00:50:52

Health: -3/68      AC: 16    Str: 17    XL:     10   Next: 73%
Magic:  11/11      EV: 11    Int: 13    God:    Gozag
Gold:   1808       SH:  5    Dex: 21    Spells: 10/11 levels left

rFire   . . .      SeeInvis .   G - +4 great sword (vamp)
rCold   + . .      Faith    .   (shield currently unavailable)
rNeg    . . .      Spirit   .   f - +7 Kryia's mail coat {PotionHeal*2 rC+}
rPois   .          Reflect  +   (helmet restricted)
rElec   .          Harm     .   b - scarf {shadows}
rCorr   +          Rampage  .   (no gloves)
Will    .....                   (no boots)
Stlth   ++........              h - amulet of reflection
HPRegen 0.21/turn               n - ring of resist corrosion
MPRegen 0.12/turn               s - +6 ring of dexterity

@: mighty, marked, gold aura
A: slimy green scales 1, foul stench 1, powered by pain 1, demonic touch 2,
antennae 1, fangs 1, frail 1, strong 1
a: Renounce Religion, Potion Petition, Call Merchant, Bribe Branch


You were on level 9 of the Dungeon.
You worshipped Gozag.
Gozag was most pleased with you.
You visited 2 branches of the dungeon, and saw 10 of its levels.
You also visited: Sewer and Ossuary.

You collected 1873 gold pieces.
You paid 65 gold pieces to Gozag.

Inventory:

Hand Weapons
 a - a +2 dagger
 e - a +2 hand axe of chaos
 x - a +2 flail of protection
 F - a +2 flail of freezing
 G - a +4 vampiric great sword (weapon)
Missiles
 m - 6 javelins
 r - 35 poisoned darts
 y - 3 boomerangs
Armour
 b - a scarf of shadows (worn)
 c - a +2 ring mail
 f - the +7 Kryia's mail coat (worn) {PotionHeal*2 rC+}
   (You found it on level 2 of the Dungeon)

   Potions are twice as effective at healing its wearer.
   rC:        It protects you from cold.
 I - a +2 cloak
 L - the +1 chain mail "Lijeev" {rF- Will++ Int-5 SInv}
   (You found it on level 7 of the Dungeon)

   Int:       It affects your intelligence (-5).
   rF:        It makes you vulnerable to fire.
   SInv:      It lets you see invisible.
   Will:      It greatly increases your willpower.
Magical Staves
 k - a staff of conjuration
 p - a staff of cold
 N - a staff of air
Jewellery
 h - an amulet of reflection (around neck)
 n - a ring of resist corrosion (left hand)
 s - a +6 ring of dexterity (right hand)
 O - a ring of protection from fire
Wands
 w - a wand of mindburst (11)
 C - a wand of paralysis (22)
Scrolls
 g - a scroll of teleportation
 i - 2 scrolls of magic mapping
 q - a scroll of torment
 D - a scroll of brand weapon
 E - a scroll of fog
 H - 3 scrolls of poison
 M - 2 scrolls of identify
Potions
 d - 5 potions of lignification
 j - 5 potions of brilliance
 o - a potion of ambrosia
 t - 2 potions of magic
 u - 2 potions of heal wounds
 v - a potion of attraction {unknown}
 z - a potion of experience {unknown}
 A - 3 potions of haste {unknown}
 B - 2 potions of degeneration
 J - 2 potions of might
 K - a potion of resistance {unknown}


   Skills:
 + Level 6.0 Fighting
 + Level 8.1 Long Blades
 + Level 4.4(5.4) Axes
 + Level 4.5(5.4) Maces & Flails
 + Level 6.0 Armour
 + Level 3.2 Dodging
 + Level 6.7 Stealth
 + Level 3.0 Shields
 + Level 1.2 Spellcasting
 + Level 0.4 Transmutations
 + Level 2.3 Poison Magic
 + Level 1.0 Evocations


You had 10 spell levels left.
You knew the following spells:

 Your Spells              Type           Power      Damage    Failure   Level
a - Sting                 Tmut/Pois      16%        1d3       43%         1

Your spell library contained the following spells:

 Spells                   Type           Power      Damage    Failure   Level
 Foxfire                  Conj/Fire      0%         2x1d4     63%         1
 Summon Small Mammal      Summ           0%         N/A       63%         1
 Ignite Poison            Fire/Tmut/Pois 3%         N/A       86%         3
 Conjure Flame            Conj/Fire      0%         6-21      94%         3
 Inner Flame              Hex/Fire       0%         N/A       94%         3
 Tukima's Dance           Hex            0%         N/A       94%         3
 Flame Wave               Conj/Fire      0%         2d4       100%        4
 Passage of Golubria      Tloc           0%         N/A       100%        4
 Summon Lightning Spire   Summ/Air       0%         N/A       100%        4
 Yara's Violent Unravell  Hex/Tmut       0%         3d3       100%        5
 Monstrous Menagerie      Summ           0%         N/A       100%        7
 Storm Form               Tmut/Air       0%         N/A       100%        7
 Maxwell's Capacitive Co  Air            0%         ∞         100%        8
 Fire Storm               Conj/Fire      0%         5d1       100%        9


Dungeon Overview and Level Annotations

Branches:
Dungeon (9/15)             Temple (1/1) D:4           Sewer (visited)
Ossuary (visited)
   Lair: D:8-11         Orc: D:9-12

Altars:
Ashenzari
Cheibriados
Dithmenos
Elyvilon
Fedhas
Gozag
Hepliaklqana
Kikubaaqudgha
Makhleb
Nemelex Xobeh
Okawaru
Qazlal
Ru
Sif Muna
Trog
Uskayaw
Vehumet
Wu Jian
Xom
Yredelemnul
Zin
The Shining One

Annotations:
D:9 Grum


Innate Abilities, Weirdness & Mutations

You are partially covered in slimy green scales. (AC +2)
You may rarely emit foul miasma when damaged in melee.
You sometimes gain a little power by taking damage.
Your touch may inflict irresistible damage on your foes.
You have a pair of small antennae on your head.
You have very sharp teeth.
You are frail. (-10% HP)
Your muscles are strong. (Str +4, Int/Dex-1)


Message History

A sentinel's mark forms upon you.
Grum hits you from afar with a +1 glaive of protection.
The wolf bites you but does no damage.
You closely miss Harold.
Harold is almost dead.
You feel very sick. The wolf barely misses you.
Harold gestures at you while chanting. The mark upon you grows brighter.
Grum closely misses you.
A wight comes into view. It is wielding a +0 scimitar.
The wolf bites you.
A wight comes into view. It is wielding a +3 great sword.
Grum barely misses you. You block Harold's attack.
The wight moves out of view.
You slash Harold!
You feel better.
You kill Harold!
Harold groans, "My... family..." and then collapses, dead.
You feel sick. The wolf bites you. x2
A wight comes into view. It is wielding a +5 hand axe.
Grum barely misses you.
Your Fighting skill increases to level 6!
Your Long Blades skill increases to level 8!
Your Armour skill increases to level 6!
Your Shields skill increases to level 3!
You feel sick. You block the wolf's attack.
You closely miss the wolf.
You feel sick. The wolf bites you but does no damage.
You block the wolf's attack. Grum barely misses you.
You closely miss the wolf.
You feel sick. The wolf closely misses you. You block the wolf's attack.
Grum misses you.
You barely miss the wolf.
You feel sick.
You are no longer poisoned.
The wolf bites you!
* * * LOW HITPOINT WARNING * * *
Grum hits you from afar with a +1 glaive of protection!
* * * LOW HITPOINT WARNING * * *
You focus on the pain.
You feel mightier all of a sudden. The wolf bites you!
You die...
Your body crumbles into a pile of gold.

#.........#
####.######
####....#
####....######
.##............#
.........###...#
.........# #.###
..)......# #.#
..#......# #@#
#........###h#
##......zz{gz#
.........zz##
#..###..####
.###.....########
.....##..........
.....#......>....
#......#.........


You could see Grum, a wolf and 3 wights.

Vanquished Creatures
  Harold (D:9)
  Pikel (D:7)
  A cyclops (D:8)
  A gargoyle (D:8)
  A hornet (D:8)
  A water moccasin (D:8)
  3 ice beasts
  2 sky beasts
  3 orc warriors
  A black bear (D:7)
  6 ogres (D:7)
  2 wolves (D:9)
  A centaur (D:8)
  2 phantoms
  2 elf zombies (Ossuary)
  5 kobold brigands
  4 bullfrogs
  A necrophage (D:6)
  A scorpion (D:5)
  3 wights (D:6)
  4 killer bees (D:8)
  4 electric eels
  A howler monkey (D:6)
  A centaur zombie (Ossuary)
  3 orc priests
  3 jellies
  2 human zombies (Ossuary)
  4 gnoll shamans
  5 hounds
  Crazy Yiuf (D:6)
  Jessica (D:3)
  3 iguanas
  Natasha (D:2)
  14 orc wizards
  2 mummies (Ossuary)
  13 gnolls
  5 river rats (Sewer)
  12 adders
  A shadow imp (D:7)
  2 white imps
  An ufetubus (D:6)
  2 adder zombies (Ossuary)
  2 worms
  6 dart slugs
  22 orcs
  8 ball pythons
  6 endoplasms
  3 giant cockroaches
  8 hobgoblins
  18 kobolds
  5 quokkas
  8 bats
  6 frilled lizards
  8 goblins
  10 hobgoblin zombies (Ossuary)
  2 jackal zombies (Ossuary)
  9 kobold zombies (Ossuary)
  8 orc zombies (Ossuary)
  28 rats
  A rat zombie (Ossuary)
285 creatures vanquished.

Vanquished Creatures (others)
  An orc wizard (D:8)
  6 fungi (D:7)
  7 plants
  4 toadstools (D:1)
18 creatures vanquished.

Grand Total: 303 creatures vanquished

Notes
Turn   | Place    | Note
-------+----------+-------------------------------------------
     0 | D:1      | purpskrrrp the Demonspawn Wanderer began the quest for the
                  | Orb.
     0 | D:1      | purpskrrrp set off with the following items: a +2 dagger, a
                  | potion of might, a +0 ring mail, a potion of lignification;
                  | and the following spell memorised: Sting; and the following
                  | spells available to memorise: Ignite Poison.
     0 | D:1      | Reached XP level 1. HP: 13/13 MP: 2/2
   493 | D:1      | Gained mutation: Your touch may inflict minor irresistible
                  | damage on your foes. [demonic ancestry]
   493 | D:1      | Reached XP level 2. HP: 20/20 MP: 3/3
   863 | D:1      | Reached skill level 5 in Stealth
  1162 | D:1      | Reached XP level 3. HP: 25/25 MP: 4/4
  1469 | D:2      | Reached skill level 1 in Dodging
  1549 | D:2      | Reached skill level 1 in Axes
  1879 | D:2      | Gained mutation: You may rarely emit foul miasma when
                  | damaged in melee. [demonic ancestry]
  1879 | D:2      | Reached XP level 4. HP: 29/31 MP: 5/5
  2148 | D:2      | Noticed Natasha
  2163 | D:2      | Killed Natasha
  2617 | D:2      | Gained mutation: Your muscles are strong. (Str +4,
                  | Int/Dex-1) [potion of mutation]
  2617 | D:2      | Gained mutation: You have very sharp teeth. [potion of
                  | mutation]
  2617 | D:2      | Gained mutation: You are frail. (-10% HP) [potion of
                  | mutation]
  2617 | D:2      | Gained mutation: You have a pair of small antennae on your
                  | head. [potion of mutation]
  2654 | D:2      | Reached skill level 1 in Fighting
  2679 | D:2      | Found the +7 Kryia's mail coat {PotionHeal*2 rC+}
  3110 | D:3      | Noticed Jessica
  3115 | D:3      | Killed Jessica
  3417 | D:3      | Reached XP level 5. HP: 33/33 MP: 6/6
  3732 | D:4      | Found a shimmering altar of Xom.
  4079 | D:4      | Reached XP level 6. HP: 18/38 MP: 7/7
  4396 | D:4      | Found a staircase to the Ecumenical Temple.
  4650 | D:4      | Found a snail-covered altar of Cheibriados.
  4652 | D:4      | Found an ancient bone altar of Kikubaaqudgha.
  5245 | Temple   | Entered the Ecumenical Temple
  5371 | Temple   | Became a worshipper of Gozag Ym Sagoz the Greedy
  5583 | D:5      | Entered Level 5 of the Dungeon
  5702 | D:5      | Reached XP level 7. HP: 22/43 MP: 8/8
  6225 | D:5      | Found a glowing drain.
  6229 | Sewer    | Entered a sewer
  6255 | Sewer    | Reached skill level 1 in Shields
  6371 | Sewer    | Reached skill level 1 in Maces & Flails
  7235 | D:5      | Gained mutation: Your touch may inflict irresistible damage
                  | on your foes. [demonic ancestry]
  7235 | D:5      | Reached XP level 8. HP: 24/50 MP: 9/9
  7637 | D:6      | Found an ornate altar of the Wu Jian Council.
  7644 | D:6      | Noticed a spectral centipede
  7644 | D:6      | Noticed a spectral black mamba
  8467 | D:6      | Found a runed translucent door.
  8468 | D:6      | Noticed Crazy Yiuf
  8476 | D:6      | Killed Crazy Yiuf
  8771 | D:6      | Reached skill level 1 in Long Blades
  8982 | D:7      | Reached skill level 2 in Long Blades
  8982 | D:7      | Gained mutation: You are partially covered in slimy green
                  | scales. (AC +2) [demonic ancestry]
  8982 | D:7      | Reached XP level 9. HP: 55/57 MP: 10/10
  9394 | D:7      | Reached skill level 3 in Long Blades
  9767 | D:7      | Reached skill level 4 in Long Blades
  9891 | D:7      | Noticed Pikel
  9897 | D:7      | Killed Pikel
  9898 | D:7      | Reached skill level 5 in Long Blades
 10020 | D:7      | Reached skill level 5 in Fighting
 10090 | D:7      | Got the Incunabulum of Burning Creation
 10270 | D:7      | Identified the +1 chain mail "Lijeev" {rF- Will++ Int-5
                  | SInv}
 10695 | D:7      | Reached skill level 5 in Armour
 10724 | D:8      | Gained mutation: You sometimes gain a little power by
                  | taking damage. [demonic ancestry]
 10724 | D:8      | Reached XP level 10. HP: 61/66 MP: 11/11
 10726 | D:8      | Found a sand-covered staircase.
 10731 | Ossuary  | Entered an ossuary
 10981 | Ossuary  | Reached skill level 6 in Long Blades
 11323 | D:8      | Paralysed by a hornet for 1 turns
 11473 | D:8      | Noticed a cyclops
 11500 | D:8      | Killed a cyclops
 11501 | D:8      | Reached skill level 7 in Long Blades
 11554 | D:8      | Noticed a gargoyle
 11575 | D:8      | Killed a gargoyle
 12132 | D:9      | Noticed Harold
 12136 | D:9      | Noticed Grum
 12188 | D:9      | Killed Harold
 12189 | D:9      | Reached skill level 8 in Long Blades
 12192 | D:9      | Slain by a wolf

Illustrated notes

Levels and vault maps discovered:
D:1:      ldierk_walled_garden_2, layout_loops_ring,
          chequers_serial_rivers_micro_e
D:2:      layout_basic, uniq_natasha
D:3:      layout_basic, uniq_jessica
D:4:      layout_basic, grunt_temple_overflow_open, minmay_temple_entry_poolview
D:5:      layout_basic, serial_rivers, chequers_serial_rivers_micro_c,
          chequers_serial_rivers_micro_c, chequers_serial_rivers_micro_d,
          chequers_serial_rivers_small_a, gup_sewer_entry_spiral
D:6:      layout_loops_ring, pdpol_wu_jian_five_deadly_venoms,
          serial_bayou_ford_a, kennysheep_cluttered_room,
          uniq_crazy_yiuf_cottage
D:7:      kennysheep_seaside_town, layout_loops_ring,
          nicolae_elevator_lobby_plus, uniq_pikel
D:8:      kennysheep_big_flooded_room, layout_rooms, enter_ossuary_5,
          st_stairs_2
D:9:      layout_rooms, uniq_grum, uniq_harold, uniq_maggie
Temple:   regret_index_temple_mists

Skill      XL: |  1  2  3  4  5  6  7  8  9 10 |
---------------+-------------------------------+-----
Stealth        | 5 6 |  6.7
Dodging        | 1 2 3 |  3.2
Axes           | 1 2 3 4 |  4.4
Fighting       | 1 3 5 6 |  6.0
Armour         | 2 3 4 5 6 |  6.0
Shields        | 1 2 3 |  3.0
Maces & Flails | 2 4 |  4.5
Long Blades    | 2 5 8 |  8.1
Spellcasting   | |  1.2
Transmutations | |  0.4
Poison Magic   | |  2.3
Evocations     | |  1.0

Action                   |  1- 3 |  4- 6 |  7- 9 | 10-12 || total
-------------------------+-------+-------+-------+-------++-------
Melee: Hand axe          |    76 |   114 |    21 |       ||   211
       Touch             |    13 |    20 |    42 |       ||    75
       Bite              |       |     8 |    26 |    20 ||    54
       Punch             |       |     2 |     1 |       ||     3
       Flail             |       |       |   204 |       ||   204
       Great sword       |       |       |   150 |   185 ||   335
 Cast: Sting             |       |     3 |     6 |       ||     9
Evoke: Wand              |       |       |     1 |       ||     1
  Use: Scroll            |     2 |    12 |     9 |     1 ||    24
       Potion            |       |     4 |     3 |     3 ||    10
 Stab: Sleeping          |     4 |    10 |    11 |     3 ||    28
       Invisible         |       |     1 |       |       ||     1
       Distracted        |       |       |     2 |       ||     2
Armor: Ring mail         |    31 |     2 |       |       ||    33
       Scale mail        |       |    43 |   210 |    72 ||   325
Dodge: Dodged            |    32 |    31 |   187 |   108 ||   358
Block: Other             |    11 |    17 |    91 |    43 ||   162
       Reflection        |       |       |     1 |     1 ||     2

Table legend: (Time is in decaauts)
 A = Elapsed time spent in this place.
 B = Non-inter-level travel time spent in this place.
 C = Inter-level travel time spent in this place.
 D = Time resting spent in this place.
 E = Time spent auto-exploring this place.
 F = Levels seen in this place.
 G = Mean time per level.
                   A        B        C        D        E       F      G
               +--------+--------+--------+--------+--------+-----+--------+
         Total |  12606 |  10634 |   1972 |   1773 |   5936 |  12 | 1050.5 |
       Dungeon |  11281 |   9309 |   1972 |   1773 |   5542 |   9 | 1253.4 |
        Temple |    293 |    293 |      0 |      0 |    187 |   1 |  293.0 |
         Sewer |    642 |    642 |      0 |      0 |    117 |   1 |  642.0 |
       Ossuary |    388 |    388 |      0 |      0 |     89 |   1 |  388.0 |
               +--------+--------+--------+--------+--------+-----+--------+

Top non-repeatable levels by time:
     D:7: 1957 daAuts
     D:4: 1706 daAuts
     D:5: 1508 daAuts
     D:1: 1465 daAuts
     D:2: 1407 daAuts
     D:6: 1215 daAuts
     D:8: 1050 daAuts
     D:3: 850 daAuts
   Sewer: 642 daAuts
 Ossuary: 388 daAuts
  Temple: 293 daAuts
     D:9: 120 daAuts
